 Dungeon Crawl Stone Soup version 0.23.2-33-g5129a83184 (webtiles) character file.

Game seed: 16372885376612533945

37 Derp the Chopper (level 3, -2/27 HPs)
             Began as a Demonspawn Gladiator on July 21, 2019.
             Killed from afar by Sigmund (9 damage)
             ... with a puff of flame
             ... on level 2 of the Dungeon.
             The game lasted 00:02:17 (1079 turns).

Derp the Chopper (Demonspawn Gladiator)             Turns: 1079, Time: 00:02:18

Health: -2/27      AC: 14    Str: 15    XL:     3   Next: 23%
Magic:  3/3        EV:  5    Int:  9    God:
Gold:   39         SH:  0    Dex: 14    Spells: 2/2 levels left

rFire    . . .     SeeInvis .   a - +0 war axe
rCold    . . .     Gourm    .   (no shield)
rNeg     . . .     Faith    .   o - +0 plate armour
rPois    .         Spirit   .   c - +0 helmet
rElec    .         Reflect  .   (no cloak)
rCorr    .         Harm     .   (no gloves)
MR       .....                  e - +0 pair of boots
Stlth    ..........             (no amulet)
HPRegen  0.09/turn              (no ring)
MPRegen  0.08/turn              (no ring)

@: no status effects
A: talons 1, yellow scales 1
a: no special abilities


You were on level 2 of the Dungeon.
You were hungry.

You visited 1 branch of the dungeon, and saw 2 of its levels.

You collected 39 gold pieces.

Inventory:

Hand Weapons
 a - a +0 war axe (weapon)
Missiles
 d - 3 throwing nets (quivered)
Armour
 b - a +0 leather armour
 c - a +0 helmet (worn)
 e - a +0 pair of boots (worn)
 o - a +0 plate armour (worn)
Jewellery
 k - an uncursed ring of positive energy {unknown}
Scrolls
 g - a scroll of immolation {unknown}
 h - a scroll of teleportation {unknown}
 i - 2 scrolls of remove curse {unknown}
 j - a scroll of identify {unknown}
 n - a scroll of enchant armour {unknown}
 p - a scroll of blinking {unknown}
Potions
 m - a potion of resistance {unknown}
Comestibles
 f - 4 rations


   Skills:
 + Level 2.2 Fighting
 + Level 3.3 Axes
 + Level 1.7 Throwing
 + Level 0.2 Armour
 + Level 3.1 Dodging
 + Level 0.5 Stealth


You had 2 spell levels left.
You didn't know any spells.
Your spell library was empty.

Dungeon Overview and Level Annotations

Branches:
Dungeon (2/15)

Altars:

Annotations:
D:2 Sigmund


Innate Abilities, Weirdness & Mutations

You have sharp toenails.
You are partially covered in yellow scales. (AC +2)


Message History

Sigmund gestures at you while chanting.
You are more confused.
You miss Sigmund.
Sigmund hits you with a +7 scythe of protection.
* * * LOW HITPOINT WARNING * * *
You bump into the rock wall.
You're too confused to move!
Sigmund hits you with a +7 scythe of protection.
* * * LOW HITPOINT WARNING * * *
You bump into the rock wall.
Sigmund hits you with a +7 scythe of protection.
* * * LOW HITPOINT WARNING * * *
It was a potion of curing.
You feel better.
Sigmund points at you and mumbles some strange words.
The puff of flame misses you.
Sigmund hits you from afar with a +7 scythe of protection.
* * * LOW HITPOINT WARNING * * *
Sigmund points at you and mumbles some strange words.
The puff of flame hits you!
You die...

.##.#.# .##.#.# ##########
.##.#.# #........# ......#
#.######.# ......# #.# #.#
##....###.######.#
##.#.........##.#
#.#####.###.##.# #.#
#.###.##@## # ##'##
#.........# .. ##...##
#.###.###.# .## #.....###.#
#.# #.# ...#
.......##.###.###@# ....#
........#........r######.....#
....†...'....†......@r........
........####...###########...#
.......## ##.## .


You could see Sigmund and a rat.

Vanquished Creatures
  2 worms (D:2)
  2 leopard geckos (D:1)
  A ball python (D:1)
  A giant cockroach (D:2)
  2 goblins
  6 hobgoblins
  3 jackals (D:1)
  4 bats
  2 frilled lizards (D:1)
  2 kobolds
  4 rats (D:1)
29 creatures vanquished.

Notes
Turn   | Place    | Note
-------+----------+-------------------------------------------
     0 | D:1      | Derp the Demonspawn Gladiator began the quest for the Orb.
     0 | D:1      | Reached XP level 1. HP: 16/16 MP: 1/1
   184 | D:1      | Gained mutation: You have sharp toenails. [demonic
                  | ancestry]
   184 | D:1      | Reached XP level 2. HP: 17/22 MP: 2/2
   840 | D:2      | Gained mutation: You are partially covered in yellow
                  | scales. (AC +2) [demonic ancestry]
   840 | D:2      | Reached XP level 3. HP: 27/27 MP: 3/3
  1052 | D:2      | Noticed Sigmund
  1068 | D:2      | HP: 1/27 [Sigmund/+7 scythe of protection (2)]
  1079 | D:2      | Killed from afar by Sigmund

Skill      XL: |  1  2 |
---------------+-------+-----
Dodging        | 3 |  3.1
Axes           | 3 |  3.3
Fighting       | |  2.2
Throwing       | |  1.7
Armour         | |  0.2
Stealth        | |  0.5

Action                   || total
-------------------------++-------
Melee: War axe           ||    88
  Use: Potion            ||     1
 Stab: Sleeping          ||     2
Armor: Leather armour    ||    19
       Plate armour      ||    29
Dodge: Dodged            ||    67
